 Dungeon Crawl Stone Soup version 0.29.0-4-gdea44cf6ec (webtiles) character file.

Game seed: 14145733820016819735

22467 qw the Severer (level 12, -1/166 HPs)
             Began as a Minotaur Berserker on Sept 6, 2022.
             Was a Priest of Trog.
             Killed from afar by an oklob plant (11 damage)
             ... with a splash of acid
             ... on level 4 of the Lair of Beasts.
             The game lasted 00:05:08 (15968 turns).

qw the Severer (Minotaur Berserker)                Turns: 15968, Time: 00:05:08

Health: -1/166     AC:  7    Str: 31    XL:     12   Next: 63%
Magic:  11/11      EV: 10    Int:  8    God:    Trog [***...]
Gold:   767        SH: 12    Dex: 16    Spells: 11/11 levels left

rFire   . . .      SeeInvis .   Y - +0 war axe (venom)
rCold   . . .      Faith    .   n - +0 kite shield
rNeg    . . .      Spirit   .   p - +0 plate armour
rPois   .          Reflect  .   (helmet restricted)
rElec   .          Harm     .   e - scarf {repulsion}
rCorr   .          Rampage  .   r - +2 pair of gloves
Will    .....                   m - +0 pair of boots
Stlth   ..........              b - amulet of regeneration
HPRegen 1.17/turn               c - +6 ring of dexterity
MPRegen 0.12/turn               g - +6 ring of strength

@: berserking, lethally poisoned (-1 -> -2), corroded, repel missiles, very
quick
A: horns 2, retaliatory headbutt, clever 1
a: Renounce Religion, Berserk, Trog's Hand


You were on level 4 of the Lair of Beasts.
You worshipped Trog.
Trog was most pleased with you.
You visited 2 branches of the dungeon, and saw 14 of its levels.

You collected 902 gold pieces.
You spent 135 gold pieces at shops.


Innate Abilities, Weirdness & Mutations

You have a pair of horns on your head.
You reflexively headbutt those who attack you in melee.
Your mind is acute. (Int +4, Str/Dex -1)


   Skills:
 + Level 11.6 Fighting
 - Level 16.1 Axes
 - Level 10.0 Armour
 - Level 6.1 Dodging
 - Level 12.1 Shields


You had 11 spell levels left.
You didn't know any spells.
Your spell library was empty.

Inventory:

Hand Weapons
 t - a +1 demon whip of venom
 Y - a +0 war axe of venom (weapon)
Armour
 e - a scarf of repulsion (worn)
 m - a +0 pair of boots (worn)
 n - a +0 kite shield (worn)
 p - a +0 plate armour (worn)
 r - a +2 pair of gloves (worn)
Jewellery
 b - an amulet of regeneration (around neck)
 c - a +6 ring of dexterity (left hand)
 d - a ring of fire
 g - a +6 ring of strength (right hand)
 o - a ring of fire
Scrolls
 l - 7 scrolls of identify
Potions
 a - a potion of haste
 f - a potion of mutation
 h - 2 potions of might
 i - 11 potions of curing

Dungeon Overview and Level Annotations

Branches:
Dungeon (10/15)            Temple (0/1) D:7            Lair (4/5) D:10
  Swamp (0/4) Lair:3       Spider (0/4) Lair:2        Slime (0/5) Lair:4
    Orc: D:9-12

Altars:
Ashenzari
Gozag
Hepliaklqana
Kikubaaqudgha
Qazlal
Uskayaw
Vehumet
Xom
Yredelemnul
The Shining One
Jiyva

Shops:
D:3 ([=

Annotations:
D:5 2 runed translucent doors, qw's ghost, novice MiFi


Message History

The black mamba is heavily wounded.
The black mamba barely misses you. You furiously retaliate!
You headbutt the black mamba.
The black mamba bites you but does no damage.
You closely miss the black mamba.
You headbutt the black mamba, but do no damage.
The black mamba is heavily wounded.
You block the black mamba's attack. The oklob plant spits acid at you.
The splash of acid hits you!!
15964 ||| INVOKING Berserk.
A red film seems to cover your vision as you go berserk!
You feel yourself moving faster!
You feel mighty! The black mamba bites you!
You are poisoned.
The black mamba poisons you! The black mamba barely misses you.
You furiously retaliate!
You headbutt the black mamba! The oklob plant spits acid at you.
The splash of acid hits you!! The acid corrodes you!
You barely miss the black mamba.
The black mamba is almost dead.
You feel sick.
The black mamba bites you but does no damage.
The oklob plant spits acid at you. The splash of acid hits you!
The acid corrodes you!
You slice the black mamba!!
You kill the black mamba!
Trog accepts your kill.
You feel sick.
You feel sick. The oklob plant spits acid at you. The splash of acid hits you!!
The acid corrodes you!
You feel a strong urge to attack something.
You feel sick. The oklob plant spits acid at you.
The splash of acid hits you but does no damage.
The acid corrodes you! The oklob plant spits acid at you.
The splash of acid hits you!
You die...

.... ....
#.............. ....
...............
....^...........P_.....
................>P.... .
.........?..........# ..
....................#...
........................
................@.......
........................
........................
................$.......
........................
........................
........................
.............>..........
........................


You could see 2 oklob plants.

Vanquished Creatures
  2 hydras (Lair:3)
  Amaemon (Lair:2)
  Pikel (D:8)
  An oklob plant (Lair:3)
  9 elephants
  2 black mambas
  A torpor snail (Lair:3)
  An orange demon (Lair:2)
  2 cane toads (Lair:3)
  2 kobold demonologists
  8 komodo dragons
  3 trolls
  3 dream sheep (Lair:3)
  11 blink frogs
  3 shadows (D:10)
  3 wyverns
  4 basilisks
  18 yaks
  2 steam dragons
  2 hell hounds (Lair:1)
  8 water moccasins
  3 orc warriors
  2 ice beasts (D:9)
  A swamp drake (D:10)
  2 black bears
  4 wolves (Lair:1)
  2 centaurs
  An ogre (D:6)
  4 lemures (D:8)
  3 kobold brigands
  3 scorpions
  A necrophage (D:7)
  5 bullfrogs
  3 killer bees (D:8)
  3 electric eels (Lair:3)
  A hound (D:5)
  4 gnoll boudas
  6 orc priests
  Natasha (thrice) (D:3)
  Terence (D:3)
  9 orc wizards
  20 gnolls
  11 adders
  6 white imps
  A howler monkey simulacrum (D:9)
  An ufetubus (D:5)
  3 worms
  4 dart slugs
  37 orcs
  9 endoplasms
  3 giant cockroaches
  4 goblins
  6 hobgoblins
  2 jackals (D:2)
  19 kobolds
  A quokka (D:1)
  9 ball pythons
  3 bats
  5 frilled lizards
  A rat (D:2)
293 creatures vanquished.

Vanquished Creatures (collateral kills)
  A hydra (Lair:3)
1 creature vanquished.

Vanquished Creatures (others)
  14 fungi
  9 plants
23 creatures vanquished.

Grand Total: 317 creatures vanquished

Notes
Turn   | Place    | Note
-------+----------+-------------------------------------------
     0 | D:1      | qw the Minotaur Berserker began the quest for the Orb.
     0 | D:1      | Reached XP level 1. HP: 19/19 MP: 0/0
     0 | D:1      | 0 ||| qw: Version: 0.1-a-107-g9ff403c
     0 | D:1      | 0 ||| qw: Game counter: 6105
     0 | D:1      | 0 ||| qw: Always use a shield: true
     0 | D:1      | 0 ||| qw: Do Orc after D:15 true
     0 | D:1      | 0 ||| qw: Do second Lair branch before Depths: true
     0 | D:1      | 0 ||| qw: Lair rune preference: random
     0 | D:1      | 0 ||| qw: Plans: Normal
     0 | D:1      | 0 ||| PLANNING D:1-11
   189 | D:1      | Reached skill level 4 in Axes
   221 | D:1      | Reached XP level 2. HP: 26/26 MP: 1/1
   290 | D:1      | Found a faded altar of an unknown god.
   310 | D:1      | 310 ||| Stepping ~*~*~tactically~*~*~ (hiding).
   545 | D:1      | 545 ||| Stepping ~*~*~tactically~*~*~ (stealth).
   847 | D:1      | 847 ||| READING scroll labelled ISSADEAVOSM.
   848 | D:1      | 848 ||| READING scroll labelled MAFOMO FISTRI.
   849 | D:1      | 849 ||| READING scroll labelled XYTAL QONGAGG.
   950 | D:1      | 950 ||| READING scroll labelled EMIECREROI.
   951 | D:1      | 951 ||| READING scroll labelled MEAZUE KEAM.
   952 | D:1      | 952 ||| READING scroll labelled OXAVUCZOOMUY.
   953 | D:1      | 953 ||| DRINKING 2 silvery potions.
  1058 | D:1      | 1058 ||| DROPPING potion of berserk rage.
  1076 | D:2      | 1076 ||| INVOKING Berserk.
  1078 | D:2      | Reached skill level 5 in Axes
  1083 | D:2      | 1083 ||| STAIRDANCE
  1192 | D:2      | Reached XP level 3. HP: 31/31 MP: 2/2
  1199 | D:2      | 1199 ||| Stepping ~*~*~tactically~*~*~ (stealth).
  1326 | D:2      | 1326 ||| Stepping ~*~*~tactically~*~*~ (stealth).
  1327 | D:2      | 1327 ||| Stepping ~*~*~tactically~*~*~ (stealth).
  1328 | D:2      | 1328 ||| Stepping ~*~*~tactically~*~*~ (stealth).
  1405 | D:2      | 1405 ||| Stepping ~*~*~tactically~*~*~ (stealth).
  1407 | D:2      | Reached ** piety under Trog
  1660 | D:2      | 1660 ||| Stepping ~*~*~tactically~*~*~ (stealth).
  1867 | D:2      | 1867 ||| UPGRADING to +0 leather armour.
  1877 | D:2      | 1877 ||| DROPPING +0 animal skin.
  1878 | D:2      | 1878 ||| UPGRADING to +0 pair of gloves.
  1883 | D:2      | 1883 ||| READING 3 scrolls labelled ZINEL ZOTOHEN.
  1884 | D:2      | 1884 ||| DRINKING 2 clear potions.
  1885 | D:2      | 1885 ||| DRINKING 2 coppery potions.
  1886 | D:2      | 1886 ||| DROPPING 2 scrolls of butterflies.
  1946 | D:3      | 1946 ||| Stepping ~*~*~tactically~*~*~ (hiding).
  1958 | D:3      | 1958 ||| INVOKING Berserk.
  1969 | D:3      | Reached skill level 6 in Axes
  1969 | D:3      | Reached XP level 4. HP: 24/39 MP: 3/3
  1983 | D:3      | 1983 ||| FLEEEEING.
  1984 | D:3      | 1984 ||| FLEEEEING.
  1985 | D:3      | 1985 ||| STAIRDANCE
  2321 | D:3      | Found Ozanilaf's Jewellery Shoppe.
  2326 | D:3      | 2326 ||| SHOPLISTING +4 ring of protection (396 gold, have
                  | 154).
  2326 | D:3      | 2326 ||| SHOPLISTING amulet of reflection (330 gold, have
                  | 154).
  2326 | D:3      | 2326 ||| SHOPLISTING ring "Lucexif" {rPois Int+2 SInv} (334
                  | gold, have 154).
  2326 | D:3      | 2326 ||| SHOPLISTING ring of fire (275 gold, have 154).
  2326 | D:3      | 2326 ||| SHOPLISTING ring of positive energy (220 gold,
                  | have 154).
  2361 | D:3      | 2361 ||| Stepping ~*~*~tactically~*~*~ (stealth).
  2372 | D:3      | 2372 ||| FLEEEEING.
  2525 | D:3      | Found Tunez's Armour Shop.
  2532 | D:3      | 2532 ||| BUYING +0 pair of boots (45 gold).
  2532 | D:3      | Bought a +0 pair of boots for 45 gold pieces
  2537 | D:3      | Noticed Natasha
  2538 | D:3      | 2538 ||| Stepping ~*~*~tactically~*~*~ (hiding).
  2543 | D:3      | 2543 ||| INVOKING Berserk.
  2547 | D:3      | Killed Natasha
  2548 | D:3      | Reached skill level 7 in Axes
  2548 | D:3      | Reached XP level 5. HP: 45/45 MP: 4/4
  2638 | D:3      | 2638 ||| DROPPING +0 club.
  2860 | D:3      | Found a radiant altar of Vehumet.
  2875 | D:3      | Found Hidiettuva's Weapon Shoppe.
  2876 | D:3      | Noticed Natasha
  2877 | D:3      | 2877 ||| Stepping ~*~*~tactically~*~*~ (stealth).
  2885 | D:3      | 2885 ||| INVOKING Berserk.
  2891 | D:3      | Killed Natasha
  2959 | D:3      | 2959 ||| BUYING +0 flail (42 gold).
  2959 | D:3      | Bought a +0 flail for 42 gold pieces
  2959 | D:3      | 2959 ||| BUYING +0 morningstar (48 gold).
  2959 | D:3      | Bought a +0 morningstar for 48 gold pieces
  2959 | D:3      | 2959 ||| SHOPLISTING +4 eveningstar of protection (480
                  | gold, have 52).
  2959 | D:3      | 2959 ||| DROPPING +0 whip.
  2960 | D:3      | 2960 ||| DROPPING +0 flail.
  3052 | D:3      | 3052 ||| Stepping ~*~*~tactically~*~*~ (stealth).
  3054 | D:3      | 3054 ||| Stepping ~*~*~tactically~*~*~ (hiding).
  3057 | D:3      | 3057 ||| INVOKING Berserk.
  3222 | D:3      | Noticed Terence
  3224 | D:3      | 3224 ||| INVOKING Berserk.
  3232 | D:3      | Killed Terence
  3480 | D:3      | Noticed Natasha
  3481 | D:3      | 3481 ||| Stepping ~*~*~tactically~*~*~ (stealth).
  3483 | D:3      | 3483 ||| Stepping ~*~*~tactically~*~*~ (hiding).
  3488 | D:3      | 3488 ||| INVOKING Berserk.
  3489 | D:3      | Killed Natasha
  3490 | D:3      | Reached skill level 8 in Axes
  3490 | D:3      | Reached XP level 6. HP: 47/52 MP: 5/5
  3630 | D:3      | 3630 ||| UPGRADING to +0 scale mail.
  3640 | D:3      | 3640 ||| DROPPING +0 leather armour.
  3641 | D:3      | 3641 ||| UPGRADING to +0 chain mail.
  3651 | D:3      | 3651 ||| DROPPING +0 scale mail.
  3652 | D:3      | 3652 ||| UPGRADING to +0 pair of boots.
  3657 | D:3      | 3657 ||| READING scroll labelled BIOHUFOTOI.
  3658 | D:3      | 3658 ||| READING 2 scrolls labelled UQIMITOUPP.
  3661 | D:3      | 3661 ||| READING scroll labelled MOGHYL PIKK.
  3813 | D:4      | Found a shimmering altar of Xom.
  3840 | D:4      | 3840 ||| Stepping ~*~*~tactically~*~*~ (hiding).
  4233 | D:4      | 4233 ||| INVOKING Berserk.
  4236 | D:4      | Reached skill level 3 in Armour
  4562 | D:4      | 4562 ||| INVOKING Berserk.
  4847 | D:4      | 4847 ||| UPGRADING to amulet of regeneration.
  4852 | D:4      | 4852 ||| DRINKING 2 fizzy inky potions.
  4853 | D:4      | 4853 ||| DROPPING potion of brilliance.
  4866 | D:5      | Entered Level 5 of the Dungeon
  4933 | D:5      | Found a runed translucent door.
  4964 | D:5      | Noticed qw's ghost (novice MiFi)
  5138 | D:5      | Reached skill level 9 in Axes
  5186 | D:5      | 5186 ||| INVOKING Berserk.
  5191 | D:5      | Reached XP level 7. HP: 60/60 MP: 6/6
  5381 | D:5      | Found a stormy altar of Qazlal.
  5492 | D:5      | 5492 ||| DROPPING +0 demon whip of pain.
  5782 | D:5      | Found a runed translucent door.
  5786 | D:5      | 5786 ||| UPGRADING to +0 chain mail of cold resistance.
  5796 | D:5      | 5796 ||| DROPPING +0 chain mail.
  5797 | D:5      | 5797 ||| DRINKING 2 glowing coppery potions.
  5798 | D:5      | 5798 ||| DRINKING 2 brown potions.
  5799 | D:5      | 5799 ||| DRINKING 2 smoky ruby potions.
  5829 | D:5      | 5829 ||| DROPPING potion of lignification.
  5895 | D:6      | 5895 ||| INVOKING Berserk.
  6055 | D:6      | 6055 ||| Stepping ~*~*~tactically~*~*~ (stealth).
  6071 | D:6      | Reached skill level 10 in Axes
  6086 | D:6      | 6086 ||| READING scroll of enchant armour.
  6086 | D:6      | 6086 ||| ENCHANTING +0 pair of gloves.
  6168 | D:6      | 6168 ||| Stepping ~*~*~tactically~*~*~ (stealth).
  6169 | D:6      | 6169 ||| Stepping ~*~*~tactically~*~*~ (stealth).
  6170 | D:6      | 6170 ||| Stepping ~*~*~tactically~*~*~ (stealth).
  6185 | D:6      | 6185 ||| Stepping ~*~*~tactically~*~*~ (hiding).
  6240 | D:6      | Reached XP level 8. HP: 64/69 MP: 7/7
  6315 | D:6      | Reached skill level 6 in Fighting
  6348 | D:6      | Found a hazy altar of Hepliaklqana.
  6625 | D:6      | 6625 ||| DRINKING 2 amethyst potions.
  6626 | D:6      | 6626 ||| DROPPING potion of degeneration.
  6664 | D:7      | 6664 ||| Stepping ~*~*~tactically~*~*~ (hiding).
  6694 | D:7      | 6694 ||| Stepping ~*~*~tactically~*~*~ (hiding).
  6697 | D:7      | 6697 ||| Stepping ~*~*~tactically~*~*~ (hiding).
  6699 | D:7      | 6699 ||| Stepping ~*~*~tactically~*~*~ (hiding).
  6702 | D:7      | 6702 ||| INVOKING Berserk.
  6861 | D:7      | 6861 ||| Stepping ~*~*~tactically~*~*~ (stealth).
  6866 | D:7      | Reached *** piety under Trog
  6870 | D:7      | 6870 ||| Stepping ~*~*~tactically~*~*~ (stealth).
  6893 | D:7      | 6893 ||| Stepping ~*~*~tactically~*~*~ (stealth).
  6905 | D:7      | 6905 ||| Stepping ~*~*~tactically~*~*~ (stealth).
  6910 | D:7      | 6910 ||| Stepping ~*~*~tactically~*~*~ (stealth).
  6945 | D:7      | Found a staircase to the Ecumenical Temple.
  6953 | D:7      | 6953 ||| INVOKING Berserk.
  6967 | D:7      | 6967 ||| DRINKING 8 potions of curing.
  6967 | D:7      | 6967 ||| (to cure confusion)
  6974 | D:7      | Reached skill level 11 in Axes
  7063 | D:7      | Noticed a troll
  7064 | D:7      | 7064 ||| Stepping ~*~*~tactically~*~*~ (stealth).
  7068 | D:7      | 7068 ||| INVOKING Berserk.
  7072 | D:7      | Killed a troll
  7073 | D:7      | Reached skill level 12 in Axes
  7203 | D:7      | 7203 ||| INVOKING Berserk.
  7260 | D:7      | 7260 ||| Stepping ~*~*~tactically~*~*~ (stealth).
  7262 | D:7      | 7262 ||| Stepping ~*~*~tactically~*~*~ (hiding).
  7264 | D:7      | 7264 ||| Stepping ~*~*~tactically~*~*~ (hiding).
  7402 | D:7      | 7402 ||| SWAPPING to +0 war axe.
  7403 | D:7      | 7403 ||| DROPPING +0 hand axe.
  7457 | D:7      | 7457 ||| INVOKING Berserk.
  7473 | D:7      | Reached XP level 9. HP: 66/79 MP: 8/8
  7763 | D:7      | Found a broken altar of Ashenzari.
  7871 | D:7      | 7871 ||| DRINKING 2 blue potions.
  7871 | D:7      | Gained mutation: You passively map a small area around you.
                  | [potion of mutation]
  7871 | D:7      | Lost mutation: You passively map a small area around you.
                  | [potion of mutation]
  7871 | D:7      | Gained mutation: Your mind is acute. (Int +4, Str/Dex -1)
                  | [potion of mutation]
  7872 | D:7      | 7872 ||| READING 4 scrolls of identify.
  7872 | D:7      | 7872 ||| IDENTIFYING glowing grey potion
  7873 | D:7      | 7873 ||| READING 3 scrolls of identify.
  7873 | D:7      | 7873 ||| IDENTIFYING smoky purple potion
  7874 | D:7      | 7874 ||| READING 2 scrolls of identify.
  7874 | D:7      | 7874 ||| IDENTIFYING puce potion
  7875 | D:7      | 7875 ||| DROPPING potion of magic.
  7876 | D:7      | 7876 ||| DROPPING potion of ambrosia.
  7922 | D:8      | Noticed Pikel
  7925 | D:8      | 7925 ||| INVOKING Berserk.
  7946 | D:8      | Killed Pikel
  7947 | D:8      | Reached skill level 13 in Axes
  8117 | D:8      | Noticed a +0 dagger
  8117 | D:8      | Noticed a +0 hand axe
  8126 | D:8      | Found a hide-covered altar of Uskayaw.
  8420 | D:8      | 8420 ||| Stepping ~*~*~tactically~*~*~ (stealth).
  8421 | D:8      | 8421 ||| INVOKING Berserk.
  8471 | D:8      | 8471 ||| Stepping ~*~*~tactically~*~*~ (stealth).
  8472 | D:8      | 8472 ||| Stepping ~*~*~tactically~*~*~ (stealth).
  8511 | D:8      | 8511 ||| INVOKING Berserk.
  8924 | D:8      | Found a basalt altar of Yredelemnul.
  8979 | D:8      | 8979 ||| UPGRADING to ring of resist corrosion.
  8980 | D:8      | 8980 ||| READING scroll labelled EPIFOU BICECS.
  8981 | D:8      | 8981 ||| DROPPING +0 morningstar.
  8982 | D:8      | 8982 ||| READING scroll labelled ORONEF GENAOJAQA.
  8982 | D:8      | Identified a scroll of acquirement
  8982 | D:8      | 8982 ||| ACQUIRING ring of fire
  8982 | D:8      | Acquired a ring of fire
  9077 | D:9      | Noticed a troll
  9078 | D:9      | 9078 ||| INVOKING Berserk.
  9081 | D:9      | Killed a troll
  9082 | D:9      | Reached skill level 14 in Axes
  9088 | D:9      | 9088 ||| Stepping ~*~*~tactically~*~*~ (stealth).
  9090 | D:9      | 9090 ||| Stepping ~*~*~tactically~*~*~ (stealth).
  9111 | D:9      | Reached skill level 6 in Armour
  9171 | D:9      | Identified the +3 hand axe of the Hero {vorpal, Int+3}
  9209 | D:9      | 9209 ||| Stepping ~*~*~tactically~*~*~ (hiding).
  9210 | D:9      | 9210 ||| Stepping ~*~*~tactically~*~*~ (hiding).
  9353 | D:9      | Reached skill level 3 in Dodging
  9409 | D:9      | Noticed a troll
  9415 | D:9      | 9415 ||| INVOKING Berserk.
  9420 | D:9      | Killed a troll
  9421 | D:9      | Reached XP level 10. HP: 88/88 MP: 9/9
  9661 | D:9      | 9661 ||| Stepping ~*~*~tactically~*~*~ (hiding).
  9806 | D:9      | Found a glowing golden altar of the Shining One.
  9927 | D:9      | Reached skill level 15 in Axes
  9961 | D:9      | Found an ancient bone altar of Kikubaaqudgha.
 10056 | D:9      | 10056 ||| UPGRADING to +0 plate armour.
 10066 | D:9      | 10066 ||| DROPPING +0 chain mail of cold resistance.
 10067 | D:9      | 10067 ||| READING 2 scrolls of identify.
 10067 | D:9      | 10067 ||| IDENTIFYING pink potion
 10068 | D:9      | 10068 ||| DROPPING potion of attraction.
 10106 | D:10     | Entered Level 10 of the Dungeon
 10164 | D:10     | 10164 ||| INVOKING Berserk.
 10351 | D:10     | 10351 ||| Stepping ~*~*~tactically~*~*~ (stealth).
 10355 | D:10     | 10355 ||| Stepping ~*~*~tactically~*~*~ (stealth).
 10356 | D:10     | 10356 ||| Stepping ~*~*~tactically~*~*~ (stealth).
 10357 | D:10     | 10357 ||| FLEEEEING.
 10358 | D:10     | Noticed a sun demon
 10359 | D:10     | 10359 ||| FLEEEEING.
 10360 | D:10     | 10360 ||| FLEEEEING.
 10361 | D:10     | 10361 ||| Stepping ~*~*~tactically~*~*~ (stealth).
 10362 | D:10     | 10362 ||| FLEEEEING.
 10371 | D:10     | 10371 ||| INVOKING Berserk.
 10372 | D:10     | Noticed an orange demon
 10385 | D:10     | 10385 ||| DRINKING 8 potions of curing.
 10385 | D:10     | 10385 ||| (to cure confusion)
 10544 | D:10     | Reached skill level 9 in Fighting
 10600 | D:10     | Found an opulent altar of Gozag.
 10633 | D:10     | 10633 ||| Stepping ~*~*~tactically~*~*~ (stealth).
 10636 | D:10     | 10636 ||| Stepping ~*~*~tactically~*~*~ (hiding).
 11018 | D:10     | 11018 ||| Stepping ~*~*~tactically~*~*~ (hiding).
 11140 | D:10     | 11140 ||| Stepping ~*~*~tactically~*~*~ (hiding).
 11141 | D:10     | 11141 ||| DRINKING potion of resistance.
 11151 | D:10     | 11151 ||| INVOKING Berserk.
 11264 | D:10     | Found a staircase to the Lair.
 11277 | D:10     | 11277 ||| INVOKING Berserk.
 11443 | D:10     | 11443 ||| PLANNING LAIR
 11443 | D:10     | 11443 ||| UPGRADING to scarf of repulsion.
 11448 | D:10     | 11448 ||| UPGRADING to +2 pair of gloves.
 11458 | D:10     | 11458 ||| DROPPING +1 pair of gloves.
 11459 | D:10     | 11459 ||| DRINKING 2 fizzy grey potions.
 11460 | D:10     | 11460 ||| READING 3 scrolls of identify.
 11460 | D:10     | 11460 ||| IDENTIFYING fuming green potion
 11461 | D:10     | 11461 ||| DROPPING potion of invisibility.
 11478 | Lair:1   | Entered Level 1 of the Lair of Beasts
 11600 | Lair:1   | 11600 ||| Stepping ~*~*~tactically~*~*~ (stealth).
 11601 | Lair:1   | 11601 ||| Stepping ~*~*~tactically~*~*~ (stealth).
 11607 | Lair:1   | Reached skill level 16 in Axes
 11640 | Lair:1   | 11640 ||| Stepping ~*~*~tactically~*~*~ (stealth).
 11654 | Lair:1   | Reached **** piety under Trog
 11655 | Lair:1   | Reached skill level 9 in Armour
 11693 | Lair:1   | Reached XP level 11. HP: 95/97 MP: 10/10
 11748 | Lair:1   | 11748 ||| READING scroll of brand weapon.
 11748 | Lair:1   | 11748 ||| BRANDING +0 war axe of flaming.
 11779 | Lair:1   | Found a dark tunnel.
 12078 | Lair:1   | 12078 ||| Stepping ~*~*~tactically~*~*~ (stealth).
 12079 | Lair:1   | 12079 ||| Stepping ~*~*~tactically~*~*~ (stealth).
 12089 | Lair:1   | 12089 ||| Stepping ~*~*~tactically~*~*~ (stealth).
 12090 | Lair:1   | 12090 ||| Stepping ~*~*~tactically~*~*~ (stealth).
 12091 | Lair:1   | 12091 ||| Stepping ~*~*~tactically~*~*~ (stealth).
 12527 | Lair:1   | 12527 ||| UPGRADING to +6 ring of strength.
 12647 | Lair:2   | 12647 ||| Stepping ~*~*~tactically~*~*~ (stealth).
 12650 | Lair:2   | 12650 ||| Stepping ~*~*~tactically~*~*~ (stealth).
 12652 | Lair:2   | 12652 ||| INVOKING Berserk.
 12806 | Lair:2   | 12806 ||| INVOKING Berserk.
 13089 | Lair:2   | Found a hole to the Spider Nest.
 13089 | Lair:2   | Noticed an orb spider
 13090 | Lair:2   | 13090 ||| INVOKING Brothers in Arms.
 13091 | Lair:2   | 13091 ||| INVOKING Brothers in Arms.
 13095 | Lair:2   | 13095 ||| UPGRADING to +0 kite shield.
 13101 | Lair:2   | 13101 ||| READING 3 scrolls of teleportation.
 13102 | Lair:2   | 13102 ||| Stepping randomly (stuck).
 13103 | Lair:2   | 13103 ||| Stepping randomly (stuck).
 13103 | Lair:2   | HP: 5/102 [disintegration (45)]
 13104 | Lair:2   | 13104 ||| DRINKING 5 potions of heal wounds.
 13105 | Lair:2   | 13105 ||| DRINKING 4 potions of heal wounds.
 13141 | Lair:2   | 13141 ||| INVOKING Berserk.
 13146 | Lair:2   | Reached skill level 1 in Shields
 13355 | Lair:2   | Noticed Amaemon
 13358 | Lair:2   | 13358 ||| INVOKING Berserk.
 13369 | Lair:2   | Killed Amaemon
 13370 | Lair:2   | Reached skill level 3 in Shields
 13503 | Lair:2   | 13503 ||| DROPPING +0 mace.
 13563 | Lair:2   | 13563 ||| INVOKING Berserk.
 13928 | Lair:2   | 13928 ||| READING scroll labelled QOINUPN VOHOL.
 13929 | Lair:2   | 13929 ||| READING 2 scrolls of teleportation.
 13930 | Lair:2   | 13930 ||| Stepping randomly (stuck).
 13931 | Lair:2   | 13931 ||| Stepping ~*~*~tactically~*~*~ (cloud).
 13995 | Lair:3   | 13995 ||| Stepping ~*~*~tactically~*~*~ (stealth).
 13996 | Lair:3   | 13996 ||| INVOKING Berserk.
 14003 | Lair:3   | Reached skill level 6 in Shields
 14011 | Lair:3   | 14011 ||| STAIRDANCE
 14163 | Lair:3   | Noticed a five-headed hydra
 14164 | Lair:3   | 14164 ||| Stepping ~*~*~tactically~*~*~ (stealth).
 14172 | Lair:3   | 14172 ||| SWAPPING to +1 demon whip of venom.
 14173 | Lair:3   | 14173 ||| INVOKING Berserk.
 14180 | Lair:3   | Killed a five-headed hydra
 14184 | Lair:3   | Reached XP level 12. HP: 110/110 MP: 11/11
 14187 | Lair:3   | Reached skill level 9 in Shields
 14196 | Lair:3   | 14196 ||| SWAPPING to +0 war axe of venom.
 14329 | Lair:3   | Found a staircase to the Swamp.
 14330 | Lair:3   | 14330 ||| FLEEEEING.
 14331 | Lair:3   | 14331 ||| FLEEEEING.
 14332 | Lair:3   | 14332 ||| FLEEEEING.
 14337 | Lair:3   | 14337 ||| INVOKING Berserk.
 14386 | Lair:3   | HP: 14/110 [electric eel/bolt of electricity (14)]
 14387 | Lair:3   | 14387 ||| READING scroll of teleportation.
 14387 | Lair:3   | HP: 2/110 [electric eel/bolt of electricity (14)]
 14388 | Lair:3   | 14388 ||| FLEEEEING.
 14389 | Lair:3   | 14389 ||| DRINKING 3 potions of heal wounds.
 14390 | Lair:3   | 14390 ||| DRINKING 2 potions of heal wounds.
 14391 | Lair:3   | 14391 ||| DRINKING potion of heal wounds.
 14403 | Lair:3   | 14403 ||| Stepping ~*~*~tactically~*~*~ (stealth).
 14534 | Lair:3   | 14534 ||| Stepping ~*~*~tactically~*~*~ (stealth).
 14536 | Lair:3   | 14536 ||| Stepping ~*~*~tactically~*~*~ (stealth).
 14543 | Lair:3   | 14543 ||| Stepping ~*~*~tactically~*~*~ (stealth).
 14547 | Lair:3   | 14547 ||| FLEEEEING.
 14549 | Lair:3   | 14549 ||| FLEEEEING.
 14550 | Lair:3   | 14550 ||| FLEEEEING.
 14551 | Lair:3   | 14551 ||| FLEEEEING.
 14587 | Lair:3   | 14587 ||| FLEEEEING.
 14588 | Lair:3   | 14588 ||| FLEEEEING.
 14601 | Lair:3   | 14601 ||| FLEEEEING.
 14738 | Lair:3   | 14738 ||| INVOKING Berserk.
 15020 | Lair:3   | Noticed a six-headed hydra
 15021 | Lair:3   | 15021 ||| INVOKING Brothers in Arms.
 15023 | Lair:3   | 15023 ||| SWAPPING to +1 demon whip of venom.
 15024 | Lair:3   | 15024 ||| INVOKING Berserk.
 15024 | Lair:3   | Killed a six-headed hydra
 15039 | Lair:3   | 15039 ||| SWAPPING to +0 war axe of venom.
 15348 | Lair:3   | 15348 ||| UPGRADING to +6 ring of dexterity.
 15350 | Lair:3   | 15350 ||| DROPPING ring of resist corrosion.
 15351 | Lair:3   | 15351 ||| READING scroll labelled DOUGOB JYUGRU.
 15378 | Lair:4   | 15378 ||| STAIRDANCE
 15382 | Lair:4   | 15382 ||| STAIRDANCE
 15419 | Lair:4   | 15419 ||| STAIRDANCE
 15421 | Lair:3   | 15421 ||| INVOKING Berserk.
 15548 | Lair:4   | Noticed a six-headed hydra
 15549 | Lair:4   | 15549 ||| STAIRDANCE
 15596 | Lair:4   | 15596 ||| STAIRDANCE
 15598 | Lair:3   | 15598 ||| INVOKING Berserk.
 15602 | Lair:3   | Reached skill level 6 in Dodging
 15735 | Lair:4   | 15735 ||| STAIRDANCE
 15736 | Lair:4   | 15736 ||| STAIRDANCE
 15753 | Lair:3   | Reached skill level 12 in Shields
 15785 | Lair:4   | 15785 ||| STAIRDANCE
 15787 | Lair:3   | 15787 ||| SWAPPING to +1 demon whip of venom.
 15788 | Lair:3   | 15788 ||| INVOKING Berserk.
 15791 | Lair:3   | Killed a six-headed hydra
 15809 | Lair:3   | 15809 ||| SWAPPING to +0 war axe of venom.
 15915 | Lair:4   | 15915 ||| DRINKING 2 potions of cancellation.
 15954 | Lair:4   | Found a staircase to the Slime Pits.
 15955 | Lair:4   | Found a viscous altar of Jiyva.
 15959 | Lair:4   | 15959 ||| DRINKING potion of cancellation.
 15964 | Lair:4   | 15964 ||| INVOKING Berserk.
 15965 | Lair:4   | HP: 41/165 [poisoned by a black mamba]
 15967 | Lair:4   | HP: 11/166 [oklob plant/splash of acid (19)]
 15968 | Lair:4   | Killed from afar by an oklob plant

Levels and vault maps discovered:
D:1:      eino_arrival_cavern_a, layout_rooms,
          nicolae_ecumenical_snake_handling, serial_forest,
          infiniplex_forest_end_2, infiniplex_forest_straight_1,
          infiniplex_forest_clump_long, infiniplex_forest_clump_curved,
          infiniplex_forest_pool, infiniplex_forest_corner_2
D:2:      layout_basic, kennysheep_generic_room_3
D:3:      layout_loops_ring, nicolae_overflow_crystal_walls, serial_shops,
          nicolae_shop_bloodbath_and_beyond, shop, shop, uniq_terence,
          uniq_natasha
D:4:      layout_basic, old_standard_altar
D:5:      layout_cave_pods, mainiacjoe_overflow_concentric_impassable,
          ebering_ghost_sewer_f
D:6:      layout_cave_pools, lemuel_round_altar, chequers_serial_rivers_small_a,
          chequers_serial_rivers_small_3, corexii_item_surrounded_by_moat
D:7:      layout_loops_ring, mainiacjoe_overflow_surrounded_room,
          minmay_temple_entry_large_hall, chequers_serial_rivers_micro_a,
          dreamdust_wishing_well
D:8:      layout_basic, mainiacjoe_overflow_alcove_4, dancing_weapons_uskayaw,
          hangedman_decor_clover_reticule, uniq_pikel
D:9:      layout_loops_ring, nicolae_kikubaaqudgha_miasma_corner,
          mainiacjoe_overflow_paths, serial_ice, serial_ice_d, serial_ice_h,
          serial_ice_c, serial_ice_b
D:10:     layout_loops_ring, nicolae_gozag_seed_capital, erik_lair_dragon,
          eino_small_chamber_without_monster, serial_bayou_pond_c,
          minmay_misc_feat_enclosed
Lair:1:   layout_cave_pods, enter_volcano_3, serial_bayou_crossing,
          lemuel_fruit_fields
Lair:2:   layout_hall_layers, nicolae_spider_entry_orb_guardian,
          dreamdust_mushroom_princess, nicolae_lair_grove_arrangements,
          uniq_amaemon
Lair:3:   layout_roguey, minmay_swamp_entry_eels, grunt_megastairs_5,
          serial_bayou_shore_a
Lair:4:   layout_cave_shapes, minmay_slime_entry_oklob_open, fungi_pond_lemuel,
          infiniplex_staircase_pool_2

Skill      XL: |  1  2  3  4  5  6  7  8  9 10 11 12 |
---------------+-------------------------------------+-----
Axes           | 4 5 6 7 8 9 10 12 14 16 | 16.1
Fighting       | 4 5 7 8 9 11 | 11.6
Armour         | 3 4 5 6 9 10 | 10.0
Dodging        | 3 4 6 |  6.1
Shields        | 8 12 | 12.1

Action                   |  1- 3 |  4- 6 |  7- 9 | 10-12 || total
-------------------------+-------+-------+-------+-------++-------
Melee: Hand axe          |    83 |   144 |   182 |       ||   409
       Headbutt          |    15 |    21 |    42 |    69 ||   147
       Punch             |     2 |     1 |     4 |     3 ||    10
       War axe           |       |       |   104 |   372 ||   476
       Demon whip        |       |       |       |    16 ||    16
Invok: Berserk           |     2 |     8 |    11 |    18 ||    39
       Brothers in Arms  |       |       |       |     2 ||     2
  Use: Scroll            |     7 |     3 |     6 |     8 ||    24
       Potion            |     3 |     1 |     6 |    10 ||    20
Armor: Animal skin       |     9 |       |       |       ||     9
       Leather armour    |     7 |    20 |       |       ||    27
       Chain mail        |       |    28 |   129 |     9 ||   166
       Plate armour      |       |       |       |   230 ||   230
Dodge: Dodged            |    33 |    39 |    99 |   123 ||   294
       Repelled          |       |       |       |     2 ||     2
Block: Kite shield       |       |       |       |    86 ||    86

Table legend:
 A = Non-vault XP
 B = Vault XP
 C = Vault XP percentage of total XP
 D = Non-vault monster count
 E = Vault monster count
 F = Vault count percentage of total count
                 A         B        C        D         E       F
            +---------+---------+-------+---------+---------+-------
      Total |   25126 |    6970 |  21.7 |     260 |      30 |  10.3
            +---------+---------+-------+---------+---------+-------
        D:1 |      32 |       1 |   3.0 |      16 |       1 |   5.9
        D:2 |      52 |       0 |   0.0 |      17 |       0 |   0.0
        D:3 |     233 |      72 |  23.6 |      28 |       2 |   6.7
        D:4 |     186 |       0 |   0.0 |      19 |       0 |   0.0
        D:5 |     399 |       0 |   0.0 |      14 |       0 |   0.0
        D:6 |     564 |       0 |   0.0 |      12 |       0 |   0.0
        D:7 |    1309 |       0 |   0.0 |      36 |       0 |   0.0
        D:8 |     702 |     651 |  48.1 |      14 |       1 |   6.7
        D:9 |    1838 |     301 |  14.1 |      15 |       6 |  28.6
       D:10 |    1545 |    1581 |  50.6 |      26 |       7 |  21.2
     Lair:1 |    2788 |     299 |   9.7 |      17 |       2 |  10.5
     Lair:2 |    3979 |    1172 |  22.8 |      11 |       2 |  15.4
     Lair:3 |   10837 |    2893 |  21.1 |      33 |       9 |  21.4
     Lair:4 |     662 |       0 |   0.0 |       2 |       0 |   0.0
            +---------+---------+-------+---------+---------+-------
